PBL
NEW YORK METS @ MONTREAL EXPOS
04/13/2071
 
TOP OF THE 1ST
New York Mets batting - Pitching for Montreal Expos : RHP Sam Richardson
Pitching: RHP Sam Richardson
Batting: RHB David López 0-0: Swinging Strike
0-1: Called Strike
0-2: Strikes out looking
Batting: LHB Gustavo Costello 0-0: Ball
1-0: Ground out 2-3 (Groundball, 2L, EV 70.0 MPH)
Batting: RHB Rich Stairs 0-0: SOLO HOME RUN (Flyball, 78XD, EV 112.5 MPH), Distance : 425 ft
Batting: LHB Bob Mack 0-0: Ball
1-0: Foul Ball, location: 23F
1-1: Foul Ball, location: 3F
1-2: Ground out U3 (Groundball, 34, EV 90.0 MPH)
Top of the 1st over - 1 run, 1 hit, 0 errors, 0 left on base; New York 1 - Montreal 0
BOTTOM OF THE 1ST
Montreal Expos batting - Pitching for New York Mets : RHP Paco Castillo
Pitching: RHP Paco Castillo
Batting: RHB Pedro Bautista 0-0: Foul Ball, location: 9LSF
0-1: Foul Ball, location: 9LMFF
0-2: Ball
1-2: Strikes out looking
Batting: RHB Tom Laird 0-0: Ball
1-0: Fly out, F8 (Line Drive, 8RD, EV 86.9 MPH)
Batting: LHB Oscar Blackwell 0-0: Foul Ball, location: 2F
0-1: Swinging Strike
0-2: Ball
1-2: Ball
2-2: Strikes out swinging
Bottom of the 1st over - 0 runs, 0 hits, 0 errors, 0 left on base; New York 1 - Montreal 0
TOP OF THE 2ND
New York Mets batting - Pitching for Montreal Expos : RHP Sam Richardson
Batting: LHB Pablo Sánchez 0-0: Ground out 4-3 (Groundball, 4M, EV 76.9 MPH)
Batting: RHB Yoriyuki Iwata 0-0: Ball
1-0: Ball
2-0: Ball
3-0: Foul Ball, location: 9LDF
3-1: Base on Balls
Batting: RHB Jack McConnell 0-0: Called Strike
0-1: Ball
1-1: Called Strike
1-2: Strikes out swinging
Batting: RHB Jerome Morales 0-0: Called Strike
Yoriyuki Iwata steals 2nd base
0-1: Ball
1-1: Ball
2-1: SINGLE (Line Drive, 4D, EV 98.8 MPH)
Yoriyuki Iwata to third
Runner from 3rd tries for Home, SAFE, throw by RF to home
Batting: RHB José Ramírez 0-0: Ball
Jerome Morales steals 2nd base
1-0: Ground out 6-3 (Groundball, 6S, EV 81.9 MPH)
Top of the 2nd over - 1 run, 1 hit, 0 errors, 1 left on base; New York 2 - Montreal 0
BOTTOM OF THE 2ND
Montreal Expos batting - Pitching for New York Mets : RHP Paco Castillo
Batting: LHB Don Bullock 0-0: Ball
1-0: Ball
2-0: Ball
3-0: Fly out, F7 (Flyball, 7LSF, EV 90.6 MPH)
Batting: RHB Robin Lewis 0-0: Ground out 5-3 (Groundball, 56, EV 87.5 MPH)
Batting: LHB Miguel Cháves 0-0: Ball
1-0: Ball
2-0: Ball
3-0: Called Strike
3-1: Called Strike
3-2: Base on Balls
Batting: RHB Andrew Martínez 0-0: Foul Ball, location: 5DF
0-1: SINGLE (Line Drive, 56D, EV 98.1 MPH)
Miguel Cháves to second
Batting: LHB Steve Burns 0-0: Called Strike
0-1: Swinging Strike
0-2: Ball
1-2: Ball
2-2: Foul Ball, location: 2F
2-2: SINGLE (Groundball, 34S, EV 68.1 MPH) (infield hit)
Miguel Cháves to third
Andrew Martínez to second
Batting: RHB Felipe Rivas 0-0: Called Strike
0-1: Swinging Strike
0-2: Foul Ball, location: 3SF
0-2: Foul Ball, location: 2F
0-2: Ball
1-2: Reached on error, E5 (Groundball, 5L, EV 83.1 MPH)
Miguel Cháves scores
Andrew Martínez to third
Steve Burns to second
Batting: RHB Pedro Bautista 0-0: Fly out, F4 (Popup, 4MD, EV 55.0 MPH)
Bottom of the 2nd over - 1 run, 2 hits, 1 error, 3 left on base; New York 2 - Montreal 1
TOP OF THE 3RD
New York Mets batting - Pitching for Montreal Expos : RHP Sam Richardson
Batting: RHB David López 0-0: Called Strike
0-1: Ball
1-1: Foul Ball, location: 2F
1-2: SINGLE (Groundball, 34S, EV 69.4 MPH) (infield hit)
Batting: LHB Gustavo Costello 0-0: Foul Ball, location: 2F
0-1: Ball
1-1: Swinging Strike
1-2: Strikes out swinging
Batting: RHB Rich Stairs 0-0: Called Strike
0-1: Ball
1-1: Fly out, F9 (Flyball, 89D, EV 108.1 MPH)
Batting: LHB Bob Mack 0-0: Foul Ball, location: 9LMF
0-1: Ball
1-1: Foul Ball, location: 23F
1-2: Ball
2-2: Ball
3-2: SINGLE (Line Drive, 7S, EV 106.9 MPH)
David López to second
David López to third
Batting: LHB Pablo Sánchez 0-0: Ball
1-0: Called Strike
1-1: Foul Ball, location: 2LF
1-2: Ball
2-2: Ball
3-2: Fly out, F9 (Line Drive, 9, EV 108.1 MPH)
Top of the 3rd over - 0 runs, 2 hits, 0 errors, 2 left on base; New York 2 - Montreal 1
BOTTOM OF THE 3RD
Montreal Expos batting - Pitching for New York Mets : RHP Paco Castillo
Batting: RHB Tom Laird 0-0: Called Strike
0-1: Ball
1-1: Ball
2-1: Fly out, F8 (Flyball, 8LD, EV 105.0 MPH)
Batting: LHB Oscar Blackwell 0-0: Ball
1-0: Ball
2-0: Called Strike
2-1: Foul Ball, location: 25F
2-2: Foul Ball, location: 3FF
2-2: SINGLE (Line Drive, 78S, EV 111.3 MPH)
Batting: LHB Don Bullock 0-0: Called Strike
0-1: Foul Ball, location: 7LSFF
0-2: Ball
1-2: Foul Ball, location: 23F
1-2: Foul Ball, location: 23F
1-2: Foul Ball, location: 2LF
1-2: Strikes out swinging
Batting: RHB Robin Lewis 0-0: Called Strike
0-1: Ball
1-1: Foul Ball, location: 2F
1-2: Ball
2-2: Foul Ball, location: 3F
2-2: Foul Ball, location: 5F
2-2: Foul Ball, location: 2F
2-2: Strikes out swinging
Bottom of the 3rd over - 0 runs, 1 hit, 0 errors, 1 left on base; New York 2 - Montreal 1
TOP OF THE 4TH
New York Mets batting - Pitching for Montreal Expos : RHP Sam Richardson
Batting: RHB Yoriyuki Iwata 0-0: Fly out, F8 (Flyball, 78M, EV 78.1 MPH)
Batting: RHB Jack McConnell 0-0: Ball
1-0: Ball
2-0: Ball
3-0: Called Strike
3-1: Fly out, F2 (Popup, 25F, EV 94.4 MPH)
Batting: RHB Jerome Morales 0-0: Fly out, F8 (Flyball, 78M, EV 89.4 MPH)
Top of the 4th over - 0 runs, 0 hits, 0 errors, 0 left on base; New York 2 - Montreal 1
BOTTOM OF THE 4TH
Montreal Expos batting - Pitching for New York Mets : RHP Paco Castillo
Batting: LHB Miguel Cháves 0-0: Ball
1-0: Foul Ball, location: 2F
1-1: Foul Ball, location: 3FF
1-2: Foul Ball, location: 7LSF
1-2: Foul Ball, location: 2F
1-2: Fly out, F4 (Popup, 13, EV 78.8 MPH)
Batting: RHB Andrew Martínez 0-0: Ball
1-0: Ball
2-0: Foul Ball, location: 23F
2-1: SINGLE (Line Drive, 9LM, EV 103.1 MPH)
Batting: LHB Steve Burns 0-0: Foul Ball, location: 2F
0-1: Foul Ball, location: 9LSF
0-2: Grounds into double play, 4-6-3 (Groundball, 4, EV 97.5 MPH)
Bottom of the 4th over - 0 runs, 1 hit, 0 errors, 0 left on base; New York 2 - Montreal 1
TOP OF THE 5TH
New York Mets batting - Pitching for Montreal Expos : RHP Sam Richardson
Batting: RHB José Ramírez 0-0: Ball
1-0: Called Strike
1-1: Swinging Strike
1-2: Ball
2-2: Fly out, F8 (Flyball, 8RD, EV 109.4 MPH)
Batting: RHB David López 0-0: Bunted foul
0-1: Foul Ball, location: 9LDF
0-2: Ball
1-2: Foul Ball, location: 2F
1-2: Ball
2-2: Ball
3-2: SINGLE (Groundball, 6MD, EV 100.0 MPH)
Batting: LHB Gustavo Costello 0-0: Called Strike
0-1: Fielders Choice at 2nd, 4-6 (Groundball, 4, EV 86.3 MPH)
Batting: RHB Rich Stairs 0-0: Called Strike
0-1: Called Strike
0-2: Ball
1-2: Ball
2-2: Foul Ball, location: 3SF
2-2: Ball
3-2: Foul Ball, location: 5FF
3-2: Ground out 5-3 (Groundball, 56, EV 83.8 MPH)
Top of the 5th over - 0 runs, 1 hit, 0 errors, 1 left on base; New York 2 - Montreal 1
BOTTOM OF THE 5TH
Montreal Expos batting - Pitching for New York Mets : RHP Paco Castillo
Batting: RHB Felipe Rivas 0-0: DOUBLE (Line Drive, 89D, EV 96.3 MPH)
Batting: RHB Pedro Bautista 0-0: Ground out 4-3 (Groundball, 34, EV 86.9 MPH)
Felipe Rivas to third
Batting: RHB Tom Laird 0-0: Ground out U3 (Groundball, 3L, EV 106.3 MPH)
Batting: LHB Oscar Blackwell 0-0: Called Strike
0-1: TRIPLE (Flyball, 8LXD, EV 94.4 MPH)
Felipe Rivas scores
Batting: LHB Don Bullock 0-0: Ball
1-0: Ball
2-0: SINGLE (Line Drive, 56, EV 105.0 MPH)
Oscar Blackwell scores
Batting: RHB Robin Lewis 0-0: Ball
1-0: Ground out 5-3 (Groundball, 25, EV 86.3 MPH)
Bottom of the 5th over - 2 runs, 3 hits, 0 errors, 1 left on base; New York 2 - Montreal 3
TOP OF THE 6TH
New York Mets batting - Pitching for Montreal Expos : RHP Sam Richardson
Batting: LHB Bob Mack 0-0: Foul Ball, location: 5F
0-1: DOUBLE (Groundball, 3L, EV 105.0 MPH)
Batting: LHB Pablo Sánchez 0-0: Ball
1-0: Ball
2-0: Ball
3-0: Called Strike
3-1: Base on Balls
Batting: RHB Yoriyuki Iwata 0-0: Ball
1-0: Swinging Strike
1-1: Ball
2-1: Foul Ball, location: 9LDF
2-2: Ball
3-2: Strikes out swinging
Batting: RHB Jack McConnell 0-0: Foul Ball, location: 9LDF
0-1: Ball
1-1: Ball
2-1: Fly out, F9 (Flyball, 9D, EV 110.6 MPH)
Runner from 2nd tags up, SAFE at 3rd, no throw by RF
Batting: RHB Jerome Morales 0-0: Ball
1-0: SINGLE (Groundball, 6MD, EV 94.4 MPH)
Bob Mack scores
Pablo Sánchez to second
Batting: RHB José Ramírez 0-0: SINGLE (Groundball, 4MS, EV 60.6 MPH) (infield hit)
Pablo Sánchez to third
Jerome Morales to second
Pitching: RHP Raúl Álvarez
Batting: RHB David López 0-0: Called Strike
0-1: Ball
1-1: Called Strike
1-2: Ball
2-2: Ball
3-2: Foul Ball, location: 2F
3-2: Base on Balls
Pablo Sánchez scores
Jerome Morales to third
José Ramírez to second
Batting: LHB Gustavo Costello 0-0: Swinging Strike
0-1: Ball
1-1: Ball
2-1: Ball
3-1: Foul Ball, location: 7LSF
3-2: Base on Balls
Jerome Morales scores
José Ramírez to third
David López to second
Batting: RHB Rich Stairs 0-0: Swinging Strike
0-1: Ball
Passed Ball!
José Ramírez scores
David López to third
Gustavo Costello to second
1-1: SINGLE (Line Drive, 5D, EV 108.1 MPH)
David López scores
Gustavo Costello to third
Runner from 3rd tries for Home, SAFE, throw by LF to home
Batting: LHB Bob Mack 0-0: Foul Ball, location: 2F
0-1: Ball
1-1: Foul Ball, location: 5DF
1-2: Ball
2-2: Fly out, F5 (Line Drive, 5, EV 71.9 MPH)
Top of the 6th over - 6 runs, 4 hits, 0 errors, 1 left on base; New York 8 - Montreal 3
BOTTOM OF THE 6TH
Montreal Expos batting - Pitching for New York Mets : RHP Paco Castillo
Pitching: RHP Steve Swift
Batting: LHB Miguel Cháves 0-0: Ball
1-0: Fly out, F9 (Flyball, 9D, EV 103.1 MPH)
Batting: RHB Andrew Martínez 0-0: Hit by Pitch
Batting: LHB Steve Burns 0-0: Ball
1-0: Called Strike
1-1: Ball
2-1: Fly out, F2 (Popup, 2LF, EV 90.0 MPH)
Batting: RHB Felipe Rivas 0-0: Called Strike
0-1: Ball
1-1: Foul Ball, location: 3F
1-2: Foul Ball, location: 3DF
1-2: Ball
2-2: 2-RUN HOME RUN (Flyball, 78XD, EV 99.4 MPH), Distance : 419 ft
Batting: RHB Pedro Bautista 0-0: Foul Ball, location: 23F
0-1: Ball
1-1: Ground out 4-3 (Groundball, 4, EV 76.3 MPH)
Bottom of the 6th over - 2 runs, 1 hit, 0 errors, 0 left on base; New York 8 - Montreal 5
TOP OF THE 7TH
New York Mets batting - Pitching for Montreal Expos : RHP Raúl Álvarez
Batting: LHB Pablo Sánchez 0-0: Ball
1-0: Called Strike
1-1: Foul Ball, location: 2F
1-2: Strikes out looking
Batting: RHB Yoriyuki Iwata 0-0: Ball
1-0: Ball
2-0: Ball
3-0: Base on Balls
Batting: RHB Jack McConnell 0-0: Foul Ball, location: 2F
0-1: Ball
1-1: Called Strike
1-2: Foul Ball, location: 2F
1-2: Fly out, F3 (Popup, 23F, EV 88.1 MPH)
Batting: RHB Jerome Morales 0-0: Called Strike
0-1: Called Strike
0-2: Strikes out swinging
Top of the 7th over - 0 runs, 0 hits, 0 errors, 1 left on base; New York 8 - Montreal 5
BOTTOM OF THE 7TH
Montreal Expos batting - Pitching for New York Mets : RHP Steve Swift
Batting: RHB Tom Laird 0-0: Ball
1-0: DOUBLE (Line Drive, 7LM, EV 103.1 MPH)
Batting: LHB Oscar Blackwell 0-0: Ball
1-0: Ball
2-0: Ball
3-0: Base on Balls
Batting: LHB Don Bullock 0-0: Ball
1-0: SINGLE (Flyball, 5D, EV 98.1 MPH)
Tom Laird to third
Oscar Blackwell to second
Batting: RHB Robin Lewis 0-0: Ball
1-0: Called Strike
1-1: Grounds into fielders choice 4-2 (Groundball, 4MS, EV 64.4 MPH)
Oscar Blackwell to third
Don Bullock to second
Batting: LHB Miguel Cháves 0-0: Foul Ball, location: 5F
0-1: Ball
1-1: Ball
2-1: Fly out, F9 (Flyball, 9S, EV 78.8 MPH)
Runner from 3rd tags up, SCORES, throw by RF
Batting: RHB Andrew Martínez 0-0: Called Strike
0-1: Foul Ball, location: 3F
0-2: Strikes out swinging
Bottom of the 7th over - 1 run, 2 hits, 0 errors, 2 left on base; New York 8 - Montreal 6
TOP OF THE 8TH
New York Mets batting - Pitching for Montreal Expos : RHP Raúl Álvarez
Pitching: LHP Ernesto Rosa
Batting: RHB José Ramírez 0-0: Ball
1-0: Called Strike
1-1: Ball
2-1: SINGLE (Line Drive, 89S, EV 90.6 MPH)
Batting: RHB David López 0-0: Ball
1-0: Bunt - Flyout to 15! F1
Batting: LHB Gustavo Costello 0-0: Ball
1-0: Foul Ball, location: 2F
1-1: Called Strike
1-2: Fielders Choice at 2nd, 4-6 (Groundball, 4, EV 86.9 MPH)
Batting: RHB Rich Stairs 0-0: Called Strike
0-1: Called Strike
0-2: Foul Ball, location: 2F
0-2: Ball
1-2: Ball
2-2: Ball
3-2: Strikes out swinging
Top of the 8th over - 0 runs, 1 hit, 0 errors, 1 left on base; New York 8 - Montreal 6
BOTTOM OF THE 8TH
Montreal Expos batting - Pitching for New York Mets : RHP Steve Swift
Pitching: RHP Keith McCain
Now at 1B: Rich Stairs
Now in LF: Michael Herrnbe
Batting: LHB Steve Burns 0-0: Fly out, F8 (Flyball, 89D, EV 107.5 MPH)
Batting: RHB Felipe Rivas 0-0: Called Strike
0-1: Foul Ball, location: 23F
0-2: Foul Ball, location: 9LMF
0-2: Foul Ball, location: 3FF
0-2: Foul Ball, location: 9LDF
0-2: Strikes out swinging
Batting: RHB Pedro Bautista 0-0: Ball
1-0: Foul Ball, location: 9LSF
1-1: Foul Ball, location: 25F
1-2: Strikes out swinging
Bottom of the 8th over - 0 runs, 0 hits, 0 errors, 0 left on base; New York 8 - Montreal 6
TOP OF THE 9TH
New York Mets batting - Pitching for Montreal Expos : LHP Ernesto Rosa
Batting: LHB Bob Mack 0-0: Foul Ball, location: 3F
0-1: Ball
1-1: Foul Ball, location: 2F
1-2: Ball
2-2: Strikes out swinging
Batting: LHB Pablo Sánchez 0-0: Ball
1-0: Ball
2-0: Called Strike
2-1: Called Strike
2-2: Strikes out looking
Batting: RHB Yoriyuki Iwata 0-0: Foul Ball, location: 2F
0-1: Ball
1-1: Foul Ball, location: 2F
1-2: Strikes out swinging
Top of the 9th over - 0 runs, 0 hits, 0 errors, 0 left on base; New York 8 - Montreal 6
BOTTOM OF THE 9TH
Montreal Expos batting - Pitching for New York Mets : RHP Keith McCain
Pitching: LHP Pablo Suárez
Batting: RHB Tom Laird 0-0: Ball
1-0: Ball
2-0: Ball
3-0: Base on Balls
Pinch Hitting: RHB Jake Knapp 0-0: Called Strike
0-1: Ball
1-1: Called Strike
1-2: Strikes out swinging
Batting: RHB Henry Treleaven 0-0: Called Strike
0-1: SINGLE (Line Drive, 56, EV 97.5 MPH)
Tom Laird to second
Batting: RHB Robin Lewis 0-0: Ball
1-0: Ground out 6-3 (Groundball, 6S, EV 60.6 MPH)
Tom Laird to third
Henry Treleaven to second
Pinch Hitting: RHB Ed Basset 0-0: Foul Ball, location: 2F
0-1: Ball
1-1: Ball
2-1: Ground out 6-3 (Groundball, 6, EV 104.4 MPH)
Bottom of the 9th over - 0 runs, 1 hit, 0 errors, 2 left on base; New York 8 - Montreal 6
Monday, April 8th , 2024 - OOTP Baseball 24.10 Build 82